 Dungeon Crawl Stone Soup version 0.19-a0-1686-g35356ef (webtiles) character file.

80 MistressOfTheDunes the Insei (level 4, -6/35 HPs)
             Began as a Mummy Monk on Sept 25, 2016.
             Mangled by a worm (11 damage)
             ... on level 2 of the Dungeon.
             The game lasted 00:02:06 (2484 turns).

MistressOfTheDunes the Insei (Mummy Monk)           Turns: 2484, Time: 00:02:06

Health: -6/35      AC:  1    Str: 14    XL:     4   Next: 18%
Magic:  4/4        EV: 13    Int:  9    God:
Gold:   58         SH:  0    Dex: 15    Spells: 0 memorised, 3 levels left

rFire  x . .     SeeInvis .       - Unarmed
rCold  + . .     Gourm    .     (no armour)
rNeg   + + +     Faith    .     (no shield)
rPois  ∞         Spirit   .     (no helmet)
rElec  .         Dismiss  .     (no cloak)
rCorr  .         Reflect  .     (no gloves)
MR     .....     Harm     .     (no boots)
Stlth  ++........               (no amulet)
                                (no ring)
                                (no ring)

@: no status effects
A: no food or potions, fire vulnerability, cold resistance 1, negative energy
resistance 3, torment resistance, unbreathing
a: no special abilities


You were on level 2 of the Dungeon.
You were not hungry.

You visited 1 branch of the dungeon, and saw 2 of its levels.

You collected 58 gold pieces.


Innate Abilities, Weirdness & Mutations

You do not eat or drink.
Your flesh is vulnerable to fire.
You are immune to poison.
Your flesh is cold resistant. (rC+)
You are immune to negative energy. (rN+++)
You are immune to unholy pain and torment.
You can survive without breathing.


   Skills:
 - Level 3.0 Fighting
 - Level 2.4 Dodging
 - Level 1.5 Stealth
 + Level 4.2 Unarmed Combat


You had 3 spell levels left.
You didn't know any spells.

Inventory:

Armour
 b - a +0 buckler
Scrolls
 a - 3 scrolls of identify {unknown}
 c - a scroll of remove curse {unknown}
 d - 2 scrolls of amnesia {unknown}
 e - a scroll of fear {unknown}

Dungeon Overview and Level Annotations

Branches:
Dungeon (2/15)

Altars:

...............▒▒▒.......▒▒..▒...
.............................▒.▒▒
......▒........▒▒▒...▒...▒...▒.▒▒
......▒......................▒...
......▒..............▒▒▒▒▒.▒.▒▒▒▒
......▒..............+...▒.....▒
......▒.........)....▒.▒.▒▒▒.▒.▒
............▒▒...........▒...▒.▒
............▒...M........▒.▒▒▒.▒
............▒....w.......▒.....▒
............▒...........(..▒▒▒▒▒▒
............▒............((......
............▒...▒▒........▒▒▒▒▒▒▒
................▒▒......%........
....▒▒▒.........▒▒...▒▒'▒▒▒▒▒▒▒▒▒
....▒ ▒..........▒...▒▒.▒...<....
....▒ ▒..........▒...▒...........


You could see a worm.


Message History

The worm bites you but does no damage!
You completely miss the worm!
The worm is moderately wounded!
You pound the worm into fine dust!
The worm is moderately wounded!
The worm bites you!!! * * * don't die
* * * You are too injured to fight recklessly!!!
You are too injured to fight recklessly!!!
You are too injured to fight recklessly!!!
You are too injured to fight recklessly!!!
You are too injured to fight recklessly!!!
A worm is nearby!!!
A worm is nearby!!!
A worm is nearby!!!
You pulverise the worm!
The worm is heavily wounded!
You pound the worm into fine dust!
The worm is severely wounded!
The worm misses you!
You pound the worm into fine dust!
The worm is almost dead!
You barely miss the worm!
The worm is almost dead!
The worm bites you!!! * * * don't die
* * * You pound the worm into fine dust!
The worm is almost dead!
The worm bites you!!! rip

Action                   |  1- 3 |  4- 6 || total
-------------------------+-------+-------++-------
Melee: Unarmed           |   167 |    12 ||   179
       Punch             |     1 |       ||     1
 Stab: Sleeping          |     4 |     1 ||     5
Armor: Skin              |    16 |     1 ||    17
Dodge: Dodged            |   110 |     2 ||   112

Vault maps used:
D:1:      scummos_arrival_star
D:2:      uniq_natasha

Notes
Turn   | Place    | Note
-------+----------+-------------------------------------------
     0 | D:1      | MistressOfTheDunes the Mummy Monk began the quest for the Orb.
     0 | D:1      | Reached XP level 1. HP: 18/18 MP: 1/1
   606 | D:1      | Reached XP level 2. HP: 14/24 MP: 2/2
   740 | D:1      | Reached skill level 3 in Unarmed Combat
  1395 | D:2      | Reached XP level 3. HP: 22/29 MP: 3/3
  2188 | D:2      | Noticed Natasha
  2193 | D:2      | Killed Natasha
  2193 | D:2      | Reached skill level 4 in Unarmed Combat
  2193 | D:2      | Reached XP level 4. HP: 16/35 MP: 4/4
  2484 | D:2      | Mangled by a worm

Vanquished Creatures
  Natasha (D:2)
  An adder (D:2)
  An ooze (D:2)
  2 dart slugs (D:2)
  A leopard gecko (D:1)
  3 giant cockroaches
  5 goblins
  3 hobgoblins (D:1)
  4 jackals (D:1)
  A quokka (D:2)
  4 bats
  2 frilled lizards (D:1)
  5 kobolds
  2 rats
35 creatures vanquished.
